 Dungeon Crawl Stone Soup version 0.23-a0-139-ga22e90c (webtiles) character file.

2 Amnesiac the Skirmisher (level 1, 0/24 HPs)
             Began as an Ogre Monk on Aug 31, 2018.
             Killed from afar by a dart slug (1 damage)
             ... with a slug dart
             ... on level 1 of the Dungeon.
             The game lasted 00:00:09 (44 turns).

Amnesiac the Skirmisher (Ogre Monk)                   Turns: 44, Time: 00:00:10

Health: 0/24       AC:  3    Str: 14    XL:     1   Next: 40%
Magic:  1/1        EV: 10    Int: 11    God:
Gold:   0          SH:  0    Dex: 11    Spells: 0/0 levels left

rFire    . . .     SeeInvis .   a - +0 mace
rCold    . . .     Gourm    .   (no shield)
rNeg     . . .     Faith    .   b - +0 robe
rPois    .         Spirit   .   (helmet restricted)
rElec    .         Reflect  .   (no cloak)
rCorr    .         Harm     .   (gloves unavailable)
MR       .....                  (boots unavailable)
Stlth    ++........             (no amulet)
HPRegen  0.08/turn              (no ring)
MPRegen  0.07/turn              (no ring)

@: no status effects
A: large, unfitting armour, tough skin 1
a: no special abilities


You were on level 1 of the Dungeon.
You were not hungry.

You visited 1 branch of the dungeon, and saw 1 of its levels.

Inventory:

Hand Weapons
 a - a +0 mace (weapon)
Armour
 b - a +0 robe (worn)
Comestibles
 c - a ration


   Skills:
 - Level 4.0 Fighting
 + Level 2.9 Maces & Flails
 - Level 2.6 Dodging
 - Level 1.4 Stealth


You couldn't memorise any spells.
You didn't know any spells.
Your spell library was empty.

Dungeon Overview and Level Annotations

Branches:
Dungeon (1/15)

Altars:


Innate Abilities, Weirdness & Mutations

You are too large for most types of armour.
You have tough skin. (AC +1)


Message History

Welcome, Amnesiac the Ogre Monk.
It is said that the Orb of Zot exists deep within this dungeon.
Press ? for a list of commands and other information.
Found a staircase leading out of the dungeon.
A dart slug comes into view.
A dart slug is nearby!
A giant cockroach comes into view.
The dart slug launches a dart at you. The slug dart misses you.
Found a hand axe.
Found a stone staircase leading down.
A hobgoblin comes into view. It is wielding a club.
The hobgoblin shouts!
You barely miss the giant cockroach. The giant cockroach barely misses you.
The giant cockroach misses you.
You completely miss the giant cockroach.
The giant cockroach bites you but does no damage.
The dart slug launches a dart at you. The slug dart misses you.
You sock the giant cockroach!
You kill the giant cockroach!
The dart slug launches a dart at you. The slug dart hits you!
The hobgoblin hits you but does no damage.
You barely miss the hobgoblin. The hobgoblin hits you with a club.
The dart slug bites you but does no damage.
The hobgoblin hits you but does no damage.
You hit the hobgoblin.
The hobgoblin is heavily wounded.
The dart slug barely misses you. The hobgoblin hits you with a club.
You hit the hobgoblin but do no damage.
The hobgoblin is heavily wounded.
The dart slug launches a dart at you. The slug dart hits you!
The hobgoblin hits you with a club.
* * * LOW HITPOINT WARNING * * *
You closely miss the hobgoblin.
The hobgoblin is heavily wounded.
The hobgoblin hits you with a club.
* * * LOW HITPOINT WARNING * * *
The dart slug barely misses you.
You hit the hobgoblin.
You kill the hobgoblin!
The dart slug bites you.
* * * LOW HITPOINT WARNING * * *
You hit the dart slug but do no damage. The dart slug barely misses you.
You hit the dart slug but do no damage. The dart slug launches a dart at you.
The slug dart hits you!
* * * LOW HITPOINT WARNING * * *
You hit the dart slug.
The dart slug is moderately wounded.
You hit the dart slug but do no damage.
The dart slug is moderately wounded.
The dart slug barely misses you.
You hit the dart slug.
The dart slug is severely wounded.
The dart slug bites you but does no damage.
You hit the dart slug.
The dart slug is almost dead.
The dart slug launches a dart at you. The slug dart hits you!
You die...

.# .# )# ..#.#####
........ ...... #
#...#
.###.####)..##.#.
........@w....>..
......†....###########
.##.######.# #.......#
#......###.8.8...##
#......##.........#
..#......##8........#
.........##..###..#.#
.........#...#w#..#.#
.......#.#8..#s#..#.#


You could see a dart slug.

Vanquished Creatures
  A giant cockroach (D:1)
  A hobgoblin (D:1)
2 creatures vanquished.

Notes
Turn   | Place    | Note
-------+----------+-------------------------------------------
     0 | D:1      | Amnesiac the Ogre Monk began the quest for the Orb.
     0 | D:1      | Reached XP level 1. HP: 24/24 MP: 1/1
     6 | D:1      | Noticed a swamp worm
     6 | D:1      | Noticed a hound
     6 | D:1      | Noticed a redback
     7 | D:1      | Noticed a black bear
    40 | D:1      | HP: 1/24 [dart slug/slug dart (7)]
    44 | D:1      | Killed from afar by a dart slug

Vault maps used:
D:1:      onia_arrival_zoo_common

Action                   || total
-------------------------++-------
Melee: Mace              ||    14
Armor: Robe              ||     4
Dodge: Dodged            ||     8

Table legend:
 A = Non-vault XP
 B = Vault XP
 C = Vault XP percentage of total XP
 D = Non-vault monster count
 E = Vault monster count
 F = Vault count percentage of total count
                 A         B        C        D         E       F
            +---------+---------+-------+---------+---------+-------
      Total |       4 |       0 |   0.0 |       2 |       0 |   0.0
            +---------+---------+-------+---------+---------+-------
        D:1 |       4 |       0 |   0.0 |       2 |       0 |   0.0
            +---------+---------+-------+---------+---------+-------
